 Dungeon Crawl Stone Soup version 0.27-a0-1342-ga99462a43c (webtiles) character file.

Game seed: 4560038191767400731

7 Gargoyl the Skirmisher (level 2, 0/29 HPs)
             Began as a Gnoll Abyssal Knight on June 27, 2021.
             Was an Initiate of Lugonu.
             Slain by a quokka (3 damage)
             ... on level 1 of the Dungeon.
             The game lasted 00:01:12 (512 turns).

Gargoyl the Skirmisher (Gnoll Abyssal Knight)        Turns: 512, Time: 00:01:12

Health: 0/29       AC:  3    Str: 11    XL:     2   Next: 0%
Magic:  5/5        EV: 11    Int: 14    God:    Lugonu [......]
Gold:   10         SH:  0    Dex: 11    Spells: 1/1 levels left

rFire    . . .     SeeInvis +   a - +1 hand axe
rCold    . . .     Faith    .   (no shield)
rNeg     . . .     Spirit   .   b - +0 leather armour
rPois    .         Reflect  .   (no helmet)
rElec    .         Harm     .   (no cloak)
rCorr    .         Rampage  .   (no gloves)
Will     +....                  (no boots)
Stlth    +.........             (no amulet)
HPRegen  0.09/turn              c - ring of Compulsion {Will+ Int+3 SInv}
MPRegen  0.09/turn              (no ring)

@: no status effects
A: fangs 1, strong nose, distributed training
a: Renounce Religion


You were on level 1 of the Dungeon.
You worshipped Lugonu.
Lugonu was noncommittal.
You visited 1 branch of the dungeon, and saw 1 of its levels.
You visited the Abyss 1 time.

You collected 10 gold pieces.

Inventory:

Hand Weapons
 a - a +1 hand axe (weapon)
Missiles
 d - 16 poisoned darts
Armour
 b - a +0 leather armour (worn)
Jewellery
 c - the ring of Compulsion (left hand) {Will+ Int+3 SInv}
   (You acquired it on level 1 of the Abyss)

   [ring of see invisible]

   It affects your intelligence (+3).
   It lets you see invisible.
   It increases your willpower.
Scrolls
 e - a scroll of acquirement


   Skills:
 + Level 6.4 Fighting
 + Level 0.2 Short Blades
 + Level 0.2 Long Blades
 + Level 4.4 Axes
 + Level 0.2 Maces & Flails
 + Level 0.2 Polearms
 + Level 0.2 Staves
 + Level 0.2 Slings
 + Level 0.2 Bows
 + Level 0.2 Crossbows
 + Level 0.2 Throwing
 + Level 4.4 Armour
 + Level 2.4 Dodging
 + Level 0.2 Stealth
 + Level 0.2 Shields
 + Level 0.2 Unarmed Combat
 + Level 0.2 Spellcasting
 + Level 0.1 Conjurations
 + Level 0.1 Hexes
 + Level 0.1 Summonings
 + Level 0.1 Necromancy
 + Level 0.1 Translocations
 + Level 0.1 Transmutations
 + Level 0.1 Fire Magic
 + Level 0.1 Ice Magic
 + Level 0.1 Air Magic
 + Level 0.1 Earth Magic
 + Level 0.1 Poison Magic
 + Level 4.4 Invocations
 + Level 0.2 Evocations


You had one spell level left.
You didn't know any spells.
Your spell library was empty.

Dungeon Overview and Level Annotations

Branches:
Dungeon (1/15)

Altars:


Innate Abilities, Weirdness & Mutations

You have very sharp teeth.
Your uncanny sense of smell can sniff out nearby items.
Your experience applies equally to all skills.


Message History

The kobold hits you but does no damage.
You are poisoned.
You hit the kobold but do no damage. You bite the kobold.
The kobold is moderately wounded.
You feel sick. The kobold misses you.
You hit the kobold. You bite the kobold, but do no damage.
The kobold is heavily wounded.
You closely miss the quokka.
You feel sick. The quokka bites you. x2
You feel sick. The quokka closely misses you.
The kobold hits you with a +0 whip of venom.
Unknown command.
You feel sick. The quokka barely misses you. The kobold barely misses you.
You see here 11 poisoned darts.
You barely miss the kobold. You bite the kobold, but do no damage.
You barely miss the quokka. You hit the kobold but do no damage.
You feel sick. The quokka bites you. The kobold barely misses you. x2
Unknown command.
You hit the kobold.
You kill the kobold!
Lugonu accepts your kill.
You closely miss the quokka. You hit the kobold.
You kill the kobold!
Lugonu accepts your kill.
You feel sick.
You are no longer poisoned.
The quokka bites you but does no damage. x2
You have reached level 2!
You closely miss the quokka. The quokka barely misses you.
You barely miss the quokka. Your punch misses the quokka.
The quokka bites you but does no damage.
You barely miss the quokka. The quokka closely misses you.
The quokka bites you but does no damage.
You closely miss the quokka. Your bite misses the quokka.
The quokka barely misses you.
You barely miss the quokka. The quokka bites you.
* * * LOW HITPOINT WARNING * * *
You closely miss the quokka. The quokka bites you.
* * * LOW HITPOINT WARNING * * *
The quokka bites you.
You die...

........### ...........
......#... ''##..#####
.....#..### ...#....##
.....#..... <..#.......
........## ...#..#....
#.....(... ...#..#.###
#.......# ++##..#.#
#.).....## ......#.##
#.@......? .........#
#r).....## #####.#.##
#.......#
......#.#######.....#.#
######..............# #
#..............# #
#..............#.###
#...................
#.........#.........


You could see a quokka.

Vanquished Creatures
  A hobgoblin (D:1)
  2 kobolds (D:1)
  A quokka (D:1)
  2 bats (D:1)
6 creatures vanquished.

Notes
Turn   | Place    | Note
-------+----------+-------------------------------------------
     0 | Abyss:1  | Gargoyl the Gnoll Abyssal Knight began the quest for the
                  | Orb.
     0 | Abyss:1  | Reached XP level 1. HP: 23/23 MP: 3/3
    29 | Abyss:1  | Found a burning altar of Makhleb.
    53 | Abyss:1  | Noticed a purple ugly thing
    60 | Abyss:1  | Identified a scroll of acquirement
    60 | Abyss:1  | Acquired the ring of Compulsion {Will+ Int+3 SInv}
    82 | Abyss:1  | Noticed a small abomination
    85 | D:1      | Escaped the Abyss
   507 | D:1      | Reached XP level 2. HP: 8/29 MP: 5/5
   512 | D:1      | Slain by a quokka

Illustrated notes

Levels and vault maps discovered:
D:1:      dpeg_arrival_windows_large_door, layout_basic, basic_ecumenical_altar

Action                   || total
-------------------------++-------
Melee: Hand axe          ||    25
       Bite              ||     3
Invok: Depart the Abyss  ||     1
  Use: Scroll            ||     2
Armor: Leather armour    ||    23
Dodge: Dodged            ||    30

Table legend: (Time is in decaauts)
 A = Elapsed time spent in this place.
 B = Non-inter-level travel time spent in this place.
 C = Inter-level travel time spent in this place.
 D = Time resting spent in this place.
 E = Time spent auto-exploring this place.
 F = Levels seen in this place.
 G = Mean time per level.
                   A        B        C        D        E       F      G
               +--------+--------+--------+--------+--------+-----+--------+
         Total |    513 |    513 |      0 |      2 |    422 |   2 |  256.5 |
       Dungeon |    428 |    428 |      0 |      0 |    383 |   1 |  428.0 |
         Abyss |     84 |     84 |      0 |      2 |     39 |   1 |   84.0 |
               +--------+--------+--------+--------+--------+-----+--------+

Top non-repeatable levels by time:
     D:1: 428 daAuts
 Abyss:1: 84 daAuts
